 Dungeon Crawl Stone Soup version 0.25.1-2-g60ff931df9 (webtiles) character file.

Game seed: 9602333628172167563

158 Arcadio the Firebug (level 5, -6/28 HPs)
             Began as a Gargoyle Fire Elementalist on Dec 4, 2020.
             Killed by divine providence
             ... invoked by an orc priest
              (8 damage)
             ... on level 4 of the Dungeon.
             The game lasted 00:13:05 (4039 turns).

Arcadio the Firebug (Gargoyle Fire Elementalist)    Turns: 4039, Time: 00:13:05

Health: -6/28      AC:  7    Str: 11    XL:     5   Next: 40%
Magic:  8/8        EV: 12    Int: 17    God:
Gold:   118        SH:  0    Dex: 10    Spells: 4/8 levels left

rFire    . . .     SeeInvis .   e - +4 dagger
rCold    . . .     Gourm    .   (no shield)
rNeg     + . .     Faith    .   a - +0 robe
rPois    ∞         Spirit   .   (no helmet)
rElec    +         Reflect  .   (no cloak)
rCorr    .         Harm     .   t - +0 pair of gloves
MR       .....                  (no boots)
Stlth    ++........             (no amulet)
HPRegen  0.09/turn              (no ring)
MPRegen  0.11/turn              (no ring)

@: no status effects
A: negative energy resistance 1, electricity resistance, unbreathing,
petrification resistance, rot immunity, AC +4
a: no special abilities


You were on level 4 of the Dungeon.
You were not hungry.

You visited 1 branch of the dungeon, and saw 4 of its levels.

You collected 118 gold pieces.

Inventory:

Hand Weapons
 d - a +0 dagger
 e - a +4 dagger (weapon)
 o - a +2 vampiric dagger
 r - a +1 dagger of pain
Missiles
 i - 85 stones (quivered)
 m - 5 javelins
 q - 7 curare-tipped darts
Armour
 a - a +0 robe (worn)
 t - a +0 pair of gloves (worn)
Scrolls
 b - a scroll of identify
 f - a scroll of immolation
 g - a scroll of remove curse
 h - a scroll of random uselessness {unknown}
 n - a scroll of blinking {unknown}
 s - a scroll of amnesia
 u - a scroll of fear {unknown}
Potions
 j - a potion of brilliance
 k - a potion of mutation
 l - a potion of flight
 p - a potion of stabbing
Comestibles
 c - 2 rations


   Skills:
 + Level 2.9 Dodging
 - Level 2.1 Stealth
 - Level 2.0 Spellcasting
 + Level 3.2 Conjurations
 + Level 4.1 Fire Magic


You had 4 spell levels left.
You knew the following spells:

 Your Spells              Type           Power        Failure   Level  Hunger
a - Foxfire               Conj/Fire      ##..         4%          1    #......
b - Conjure Flame         Conj/Fire      ##......     13%         3    ###....

Your spell library contained the following spells:

 Spells                   Type           Power        Failure   Level  Hunger
 Magic Dart               Conj           ##..         5%          1    #......
 Inner Flame              Hex/Fire       #.......     24%         3    ###....
 Blink                    Tloc           N/A          28%         2    ###....
 Call Imp                 Summ           #.......     28%         2    ###....
 Slow                     Hex            #.......     28%         2    ###....
 Mephitic Cloud           Conj/Pois/Air  #.......     36%         3    ###....
 Sticky Flame             Conj/Fire      ##......     38%         4    #####..
 Fireball                 Conj/Fire      ##........   75%         5    ######.


Dungeon Overview and Level Annotations

Branches:
Dungeon (4/15)
 Temple: D:4-7

Altars:
Elyvilon
Kikubaaqudgha
Makhleb
Zin


Innate Abilities, Weirdness & Mutations

You are resistant to torment.
Your stone body is resilient. (AC +4)
You are immune to poison.
You resist negative energy. (rN+)
You are resistant to electric shocks. (rElec)
You can survive without breathing.
You are immune to petrification.
You are immune to rotting.


Message History

The orc priest is lightly wounded.
The orc priest barely misses you.
You hit the orc priest.
The orc priest is moderately wounded.
The orc priest hits you with a +0 flail.
* * * LOW HITPOINT WARNING * * *
You barely miss the orc priest.
The orc priest is moderately wounded.
You hit the orc priest.
The orc priest is heavily wounded.
The orc priest barely misses you.
You hit the orc priest but do no damage.
The orc priest is heavily wounded.
The orc priest hits you with a +0 flail.
* * * LOW HITPOINT WARNING * * *
You hit the orc priest.
The orc priest is heavily wounded.
The orc priest mumbles some strange prayers to Beogh against you.
Beogh smites you!
You die...

#######
#.....#
#.###.#
#.# #.#
#.#
#.####
#.#
#....#
#@#
###.##
#o#####[#
#o#.....#
#o#.#####
#.#.# . #
..#.# ..
#. ###.#
... #.###
#.# ..
...# #.#


You could see an orc priest and 2 orcs.

Vanquished Creatures
  An orc priest (D:3)
  An orc wizard (D:3)
  2 adders
  2 worms (D:3)
  3 dart slugs
  A leopard gecko (D:1)
  7 orcs
  A ball python (D:1)
  4 giant cockroaches
  2 hobgoblins (D:1)
  12 jackals
  7 kobolds
  4 bats
  2 frilled lizards (D:1)
  8 goblins
  6 rats
63 creatures vanquished.

Vanquished Creatures (others)
  116 foxfires
116 creatures vanquished.

Grand Total: 179 creatures vanquished

Notes
Turn   | Place    | Note
-------+----------+-------------------------------------------
     0 | D:1      | Arcadio the Gargoyle Fire Elementalist began the quest for
                  | the Orb.
     0 | D:1      | Reached XP level 1. HP: 10/10 MP: 3/3
   635 | D:1      | Reached XP level 2. HP: 15/15 MP: 3/5
   913 | D:1      | Reached XP level 3. HP: 16/19 MP: 4/6
  1951 | D:2      | Learned a level 3 spell: Conjure Flame
  2076 | D:2      | Reached XP level 4. HP: 24/24 MP: 4/7
  2798 | D:3      | Found a glowing silver altar of Zin.
  2798 | D:3      | Found an ancient bone altar of Kikubaaqudgha.
  2799 | D:3      | Found a burning altar of Makhleb.
  3301 | D:3      | Found a white marble altar of Elyvilon.
  3488 | D:3      | Reached skill level 4 in Fire Magic
  3488 | D:3      | Reached XP level 5. HP: 14/28 MP: 4/8
  4038 | D:4      | HP: 1/28 [orc priest/+0 flail (4)]
  4039 | D:4      | Killed from afar by an orc priest

Illustrated notes

Levels and vault maps discovered:
D:1:      heliophobic_arrival_ceremonial_halls, layout_basic, st_stairs_5,
          minmay_misc_feat_hallway, hangedman_decor_slide_cut
D:2:      layout_loops_ring
D:3:      layout_basic, gammafunk_temple_overflow_claw,
          minmay_misc_feat_encased, elyvilon_altar_3
D:4:      layout_basic, kennysheep_mini_moat, first_ration,
          hangedman_decor_growths

Skill      XL: |  1  2  3  4 |
---------------+-------------+-----
Dodging        | 2 |  2.9
Conjurations   | 2 3 |  3.2
Fire Magic     | 4 |  4.1
Stealth        | |  2.1
Spellcasting   | |  2.0

Action                   |  1- 3 |  4- 6 || total
-------------------------+-------+-------++-------
Melee: Dagger            |    78 |    43 ||   121
 Cast: Foxfire           |    40 |    36 ||    76
       Conjure Flame     |       |     2 ||     2
  Use: Scroll            |     3 |     5 ||     8
       Potion            |       |     1 ||     1
 Stab: Sleeping          |       |     1 ||     1
  Eat: Chunk             |     4 |     5 ||     9
       Ration            |       |     1 ||     1
Armor: Robe              |    21 |    10 ||    31
Dodge: Dodged            |    49 |    17 ||    66
